 Dungeon Sprint DCSS version 0.30-a0-459-g9104f0fc43 (webtiles) character file.

Game seed: 18052176739667158598

23303 BigDaddyOpFi the End of an Era (level 13, -6/130 HPs)
             Began as a Hill Orc Fighter on Dec 15, 2022.
             Was the Champion of Qazlal.
             Shot with a bolt by a yaktaur captain (37 damage)
             ... in the Dungeon (Sprint VII: "The Pits").
             The game lasted 00:06:49 (3585 turns).

BigDaddyOpFi the End of an Era (Hill Orc Fighter)   Turns: 3585, Time: 00:06:50

Health: -6/130     AC: 26    Str: 27    XL:     13   Next: 5%
Magic:  3/29       EV:  8    Int:  4    God:    Qazlal [******]
Gold:   31         SH: 16    Dex: 16    Spells: 12/12 levels left

rFire   . . .      SeeInvis .    r - +4 war axe (vorpal)
rCold   + . .      Faith    .    c - +0 buckler
rNeg    . . .      Spirit   .    p - +6 plate armour
rPois   .          Reflect  .    (no helmet)
rElec   .          Harm     .    (no cloak)
rCorr   +          Rampage  .    (no gloves)
Will    .....      NoTele   +    (no boots)
Stlth   ..........               (no amulet)
HPRegen 0.41/turn                b - +3 ring of strength
MPRegen 0.21/turn                x - ring "Umephic" {rC+ rCorr Int-4 Dex+6}

@: protected from physical damage, repel missiles
A: no striking features
a: Renounce Religion, Upheaval, Elemental Force, Disaster Area


You were in the Dungeon.
You worshipped Qazlal.
Qazlal was exalted by your worship.
You visited 1 branch You collected 31 gold pieces.

Inventory:

Hand Weapons
 r - a +4 vorpal war axe (weapon)
Armour
 c - a +0 buckler (worn)
 p - a +6 plate armour (worn)
Jewellery
 b - a +3 ring of strength (left hand)
 e - a +3 ring of strength
 t - a ring of poison resistance
 x - the ring "Umephic" (right hand) {rC+ rCorr Int-4 Dex+6}
   (You found it in the Dungeon)

   [ring of dexterity]

   Int:       It affects your intelligence (-4).
   Dex:       It affects your dexterity (+6).
   rC:        It protects you from cold.
   rCorr:     It protects you from acid and corrosion.
 A - a ring of willpower
Wands
 y - a wand of flame (24)
 z - a wand of polymorph (6)
Scrolls
 j - a scroll of blinking
 l - 5 scrolls of amnesia
 m - 2 scrolls of butterflies
 n - 6 scrolls of identify
 u - 2 scrolls of fog
 w - a scroll of fear
Potions
 d - 11 potions of curing
 f - 4 potions of heal wounds
 g - a potion of haste
 h - 4 potions of magic
 i - 7 potions of berserk rage
 k - 2 potions of invisibility
 o - 3 potions of brilliance
 q - a potion of mutation


   Skills:
 + Level 16.8 Fighting
 + Level 18.0 Axes
 + Level 15.5 Armour
 + Level 15.5 Shields
 * Level 24.4 Invocations


You had 12 spell levels left.
You didn't know any spells.
Your spell library contained the following spells:

 Spells                   Type           Power      Damage    Failure   Level
 Animate Dead             Necr           0%         N/A       100%        4
 Haunt                    Necr/Summ      0%         N/A       100%        7
 Infestation              Necr           0%         N/A       100%        8


Dungeon Overview and Level Annotations

Branches:
Dungeon (1/1)

Altars:
Ashenzari
Cheibriados
Dithmenos
Elyvilon
Fedhas
Gozag
Hepliaklqana
Kikubaaqudgha
Makhleb
Nemelex Xobeh
Okawaru
Qazlal
Ru
Sif Muna
Trog
Uskayaw
Vehumet
Wu Jian
Xom
Yredelemnul
Zin
The Shining One
Beogh
Jiyva
Lugonu


Message History

The orc knight misses your air elemental.
The yaktaur shoots a bolt.
The bolt completely misses your air elemental.
The bolt hits the deep elf high priest!
The yaktaur captain unwields a +0 arbalest.
The yaktaur captain hits your air elemental!
You slash the orc knight!
You kill the orc knight!
Qazlal accepts your kill.
You hit the deep elf high priest but do no damage.
Your air elemental completely misses the yaktaur captain.
Your air elemental hits the deep elf high priest!
Your air elemental fires a burst of electricity at the yaktaur captain.
The stunning burst hits the yaktaur captain!
The yaktaur captain is paralysed.
Your air elemental fires a burst of electricity at the deep elf high priest.
The stunning burst hits the deep elf high priest.
The deep elf high priest is paralysed.
The stunning burst hits your air elemental.
Your air elemental completely resists.
The stunning burst hits the yaktaur captain!
A vault guard comes into view. It is wielding a +0 long sword.
Your Axes skill increases to level 18!
Unknown command.
The helpless deep elf high priest fails to defend itself.
You hit the deep elf high priest.
The deep elf high priest is almost dead.
The deep elf high priest is no longer paralysed.
The yaktaur captain is no longer paralysed.
Your air elemental fires a burst of electricity at the deep elf high priest.
The stunning burst hits the deep elf high priest.
The deep elf high priest is paralysed.
Your air elemental hits the yaktaur captain!
The yaktaur shoots a bolt.
The bolt closely misses your air elemental.
The bolt hits the deep elf high priest!
The deep elf high priest dies!
The yaktaur captain wields a +0 arbalest.
The yaktaur captain shoots a bolt.
The bolt hits you!!!
You die...

++###############################
...........≈.....................
....†....≈.≈≈≈.......≈≈........÷÷
..##############))##############.
..# #..○)).# #. ..# #☼EE○).# #.
..# #.§@E§.# #. ..# ###E○### #.
..#


p)≈Ec #. ..# ..)§c≈oc #. ..# ##)).)#### #. ..# #..).# #. ..# ##..## #. ### ####
#+ ############# You could see a yaktaur captain (ally target), a vault guard
(ally target), an orc knight (strong), 2 yaktaurs, 2 friendly earth elementals
and 3 friendly air elementals.

Vanquished Creatures
  2 orc warlords (D)
  A merfolk avatar (D)
  3 two-headed ogres (D)
  An ogre mage (D)
  A naga warrior (D)
  A sixfirhy (D)
  A deep elf knight (D)
  A phantasmal warrior (D)
  10 orc knights (D)
  2 deep elf zephyrmancers (D)
  A wolf spider (D)
  An ugly thing (D)
  A molten gargoyle (D)
  A cane toad (D)
  2 orange demons (D)
  2 smoke demons (D)
  An eye of devastation (D)
  2 efreet (D)
  A yaktaur (D)
  2 kobold demonologists (D)
  An ice devil (D)
  2 hornets (D)
  A red devil (D)
  A polar bear (D)
  A tarantella (D)
  5 slime creatures (D)
  5 dream sheep (D)
  A snapping turtle (D)
  A wyvern (D)
  A wraith (D)
  2 fire bats (D)
  A steam dragon (D)
  A redback (D)
  2 vampire mosquitoes (D)
  A neqoxec (D)
  Menkaure (D)
  A warg (D)
  A floating eye (D)
  5 hell hounds (D)
  A swamp drake (D)
  An ice beast (D)
  6 wolves (D)
  4 ogres (D)
  4 phantoms (D)
  A bullfrog (D)
  2 necrophages (D)
  A scorpion (D)
  2 iron imps (D)
  An iguana (D)
  2 mummies (D)
  2 gnolls (D)
  An adder (D)
  3 ufetubi (D)
  2 orcs (D)
  2 ball pythons (D)
  A bat zombie (D)
  A goblin (D)
  A hobgoblin (D)
  3 jackals (D)
  A quokka (D)
  3 kobolds (D)
  A rat (D)
117 creatures vanquished.

Vanquished Creatures (collateral kills)
  A freezing wraith (D)
1 creature vanquished.

Vanquished Creatures (others)
  A deep elf high priest (D)
1 creature vanquished.

Grand Total: 119 creatures vanquished

Notes
Turn   | Place    | Note
-------+----------+-------------------------------------------
     0 | D        | BigDaddyOpFi the Hill Orc Fighter began the quest for the
                  | Orb.
     0 | D        | Reached XP level 1. HP: 19/19 MP: 1/1
    85 | D        | Found a bloodstained altar of Trog.
    85 | D        | Found a shimmering blue altar of Sif Muna.
    85 | D        | Found a viscous altar of Jiyva.
    85 | D        | Found a hazy altar of Hepliaklqana.
    85 | D        | Found an opulent altar of Gozag.
    86 | D        | Found a glowing golden altar of the Shining One.
    86 | D        | Found a glowing silver altar of Zin.
    86 | D        | Found a basalt altar of Yredelemnul.
    86 | D        | Found a shimmering altar of Xom.
    86 | D        | Found an ornate altar of the Wu Jian Council.
    86 | D        | Found a sacrificial altar of Ru.
    86 | D        | Found a stormy altar of Qazlal.
    86 | D        | Found an iron altar of Okawaru.
    86 | D        | Found a sparkling altar of Nemelex Xobeh.
    86 | D        | Found a burning altar of Makhleb.
    86 | D        | Found a blossoming altar of Fedhas.
    86 | D        | Found a white marble altar of Elyvilon.
    86 | D        | Found a shadowy altar of Dithmenos.
    86 | D        | Found a snail-covered altar of Cheibriados.
    88 | D        | Found a radiant altar of Vehumet.
    88 | D        | Found a corrupted altar of Lugonu.
    88 | D        | Found a roughly hewn altar of Beogh.
    89 | D        | Found a hide-covered altar of Uskayaw.
    89 | D        | Found an ancient bone altar of Kikubaaqudgha.
    89 | D        | Found a broken altar of Ashenzari.
    93 | D        | Became a worshipper of Qazlal Stormbringer
   122 | D        | Noticed a scorpion
   140 | D        | Killed a scorpion
   141 | D        | Reached skill level 5 in Fighting
   141 | D        | Reached skill level 5 in Invocations
   141 | D        | Reached XP level 2. HP: 4/29 MP: 1/5
   141 | D        | Reached XP level 3. HP: 5/36 MP: 1/6
   141 | D        | Reached XP level 4. HP: 6/42 MP: 1/7
   148 | D        | Reached * piety under Qazlal
   155 | D        | Reached ** piety under Qazlal
   155 | D        | Noticed a bullfrog
   155 | D        | Noticed a floating eye
   156 | D        | Reached skill level 5 in Axes
   157 | D        | Paralysed by a floating eye for 4 turns
   161 | D        | Killed a floating eye
   162 | D        | Reached skill level 5 in Armour
   162 | D        | Reached skill level 5 in Shields
   162 | D        | Reached skill level 7 in Invocations
   162 | D        | Reached XP level 5. HP: 8/51 MP: 3/10
   163 | D        | Reached skill level 8 in Invocations
   163 | D        | Reached XP level 6. HP: 10/60 MP: 3/12
   416 | D        | Reached skill level 9 in Invocations
   421 | D        | Reached *** piety under Qazlal
   423 | D        | Reached skill level 10 in Invocations
   436 | D        | Reached **** piety under Qazlal
   437 | D        | Reached skill level 11 in Invocations
   437 | D        | Reached XP level 7. HP: 39/68 MP: 13/15
   541 | D        | Noticed Menkaure
   550 | D        | Reached ***** piety under Qazlal
   561 | D        | Killed Menkaure
   845 | D        | Noticed a warg
   846 | D        | Killed a warg
   847 | D        | Reached skill level 12 in Invocations
  1147 | D        | Noticed an efreet
  1147 | D        | Noticed a two-headed ogre
  1149 | D        | Killed a two-headed ogre
  1150 | D        | Reached skill level 10 in Fighting
  1150 | D        | Reached skill level 10 in Axes
  1150 | D        | Reached skill level 13 in Invocations
  1150 | D        | Reached XP level 8. HP: 79/79 MP: 8/18
  1155 | D        | Reached skill level 14 in Invocations
  1155 | D        | Killed an efreet
  1156 | D        | Reached XP level 9. HP: 85/86 MP: 9/19
  1420 | D        | Noticed a wolf spider
  1432 | D        | Killed a wolf spider
  1433 | D        | Reached skill level 15 in Invocations
  1448 | D        | Reached skill level 10 in Armour
  1448 | D        | Reached skill level 10 in Shields
  1704 | D        | Noticed a cane toad
  1704 | D        | Noticed a molten gargoyle
  1706 | D        | Noticed an efreet
  1707 | D        | Noticed a tarantella
  1719 | D        | Killed a cane toad
  1720 | D        | Reached skill level 16 in Invocations
  1728 | D        | Killed a tarantella
  1736 | D        | Killed an efreet
  1737 | D        | Reached XP level 10. HP: 50/97 MP: 22/22
  1739 | D        | Killed a molten gargoyle
  1739 | D        | Reached ****** piety under Qazlal
  1740 | D        | Reached skill level 17 in Invocations
  1754 | D        | Noticed an orange demon
  1754 | D        | Noticed a smoke demon
  1783 | D        | Killed a smoke demon
  1783 | D        | Killed an orange demon
  1784 | D        | Reached skill level 18 in Invocations
  2154 | D        | Noticed an orange demon
  2165 | D        | Killed an orange demon
  2174 | D        | Noticed a kobold demonologist
  2175 | D        | Noticed a kobold demonologist
  2196 | D        | Killed a kobold demonologist
  2197 | D        | Reached skill level 19 in Invocations
  2203 | D        | Killed a kobold demonologist
  2204 | D        | Reached XP level 11. HP: 51/107 MP: 24/24
  2459 | D        | Noticed a deep elf zephyrmancer
  2459 | D        | Noticed a deep elf zephyrmancer
  2464 | D        | Killed a deep elf zephyrmancer
  2467 | D        | Killed a deep elf zephyrmancer
  2474 | D        | Reached skill level 20 in Invocations
  2797 | D        | Got the ring "Umephic" {rC+ rCorr Int-4 Dex+6}
  2874 | D        | Paralysed by a hornet for 2 turns
  3151 | D        | Noticed a cyan ugly thing
  3160 | D        | Killed a cyan ugly thing
  3161 | D        | Reached skill level 15 in Axes
  3241 | D        | Reached skill level 21 in Invocations
  3254 | D        | HP: 4/111 [slime creature (39)]
  3260 | D        | HP: 5/111 [large slime creature (58)]
  3554 | D        | Noticed a sixfirhy
  3554 | D        | Noticed an ogre mage
  3554 | D        | Noticed a two-headed ogre
  3554 | D        | Noticed a two-headed ogre
  3554 | D        | Noticed an orc knight
  3554 | D        | Noticed an orc knight
  3554 | D        | Noticed an orc knight
  3554 | D        | Noticed an orc knight
  3556 | D        | Noticed an orc warlord
  3557 | D        | Noticed an orc warlord
  3557 | D        | Killed a two-headed ogre
  3557 | D        | Killed an orc knight
  3557 | D        | Killed a two-headed ogre
  3557 | D        | Killed an orc knight
  3557 | D        | Killed an ogre mage
  3557 | D        | Killed a sixfirhy
  3557 | D        | Killed an orc knight
  3557 | D        | Killed an orc warlord
  3557 | D        | Killed an orc knight
  3557 | D        | Killed an orc knight
  3557 | D        | Killed an orc warlord
  3557 | D        | Killed an orc knight
  3558 | D        | Reached skill level 23 in Invocations
  3558 | D        | Reached XP level 12. HP: 122/122 MP: 17/27
  3562 | D        | Reached skill level 15 in Armour
  3562 | D        | Reached skill level 15 in Shields
  3562 | D        | Noticed a naga warrior
  3568 | D        | Noticed a merfolk avatar
  3570 | D        | Noticed a deep elf knight
  3573 | D        | Killed a merfolk avatar
  3574 | D        | Reached skill level 24 in Invocations
  3574 | D        | Killed a deep elf knight
  3578 | D        | Noticed a yaktaur captain
  3578 | D        | Noticed a deep elf high priest
  3580 | D        | Killed a naga warrior
  3581 | D        | Reached XP level 13. HP: 65/130 MP: 7/29
  3584 | D        | Noticed a vault guard
  3585 | D        | Killed a deep elf high priest
  3585 | D        | Shot with a bolt by a yaktaur captain

Illustrated notes

Levels and vault maps discovered:
D:        pitsprint [storerooms_1, entrance_room_1, metal_vault_3, armoury_1,
          mini_pit_1, grid_room_1, main_hall_1, silver_pit, the_coven_1,
          the_vestibule_1, steel_vault_2, golden_pit, hallway_of_sentries,
          crystal_vault_6, iron_vault_5, final_vault]

Skill      XL: |  1  2  3  4  5  6  7  8  9 10 11 12 13 |
---------------+----------------------------------------+-----
Axes           | 4 6 7 8 10 12 14 17 18 | 18.0
Fighting       | 5 6 7 8 10 11 13 16 | 16.8
Armour         | 4 5 6 7 9 10 12 14 15 | 15.5
Shields        | 4 5 6 7 9 10 12 14 15 | 15.5
Invocations    | 5 7 8 11 13 14 16 19 23 24 | 24.4

Action                   |  1- 3 |  4- 6 |  7- 9 | 10-12 | 13-15 || total
-------------------------+-------+-------+-------+-------+-------++-------
Melee: War axe           |    23 |    33 |    79 |   134 |     4 ||   273
Invok: Disaster Area     |       |       |     2 |     6 |       ||     8
       Upheaval          |       |       |       |     5 |       ||     5
       Elemental Force   |       |       |       |     1 |     1 ||     2
  Use: Potion            |     1 |     1 |     5 |     6 |       ||    13
       Scroll            |       |       |       |     5 |       ||     5
 Stab: Confused          |       |       |       |     1 |       ||     1
       Paralysed         |       |       |       |       |     1 ||     1
Armor: Scale mail        |    11 |     4 |       |       |       ||    15
       Chain mail        |       |    12 |     9 |       |       ||    21
       Plate armour      |       |       |    16 |    72 |     1 ||    89
Dodge: Dodged            |    10 |    11 |    15 |    34 |       ||    70
       Repelled          |       |       |     1 |     2 |       ||     3
Block: Buckler           |     5 |    18 |    46 |   133 |     1 ||   203

Table legend: (Time is in decaauts)
 A = Elapsed time spent in this place.
 B = Non-inter-level travel time spent in this place.
 C = Inter-level travel time spent in this place.
 D = Time resting spent in this place.
 E = Time spent auto-exploring this place.
 F = Levels seen in this place.
 G = Mean time per level.
                   A        B        C        D        E       F      G
               +--------+--------+--------+--------+--------+-----+--------+
         Total |   3561 |   3475 |     86 |   2582 |      0 |   1 | 3561.0 |
       Dungeon |   3561 |   3475 |     86 |   2582 |      0 |   1 | 3561.0 |
               +--------+--------+--------+--------+--------+-----+--------+

Top non-repeatable levels by time:
       D: 3561 daAuts
